Workbook

Sheet Avatars
A1: Jenny
A2: • Single mum with 2 kids
A3: • No investment properties
A4: • No PPR
A5: • Gross PAYG income $65k PA
A6: • Money(cash) in a bank account $55k
A8: Jenny has her finance review. Here are her figures:
A9: • AWE. $55k
A10: • Rental Income $0
A11: • Passive Income $0
A12: • Other Income $65k
A13: • Total income is calculated by the spreadsheet
... A65: • His DTI is calculated by the spreadsheet

Sheet Instructions
B1: This spreadsheet comprises of separate sections:
B2: a)The AVATARS section contains examples using ficticious persons and their personal situations and choices and how these might fit into the other sections of this spreadsheet. The idea of this is that for each person reading these instructions they might see parallels with their own situation and be able to clarify how the sheet might be completed correctly and accurately.
B3: b) The INSTRUCTIONS section - What you are reading currently.
B4: c) The START FINANCIALS - The place where you enter your CURRENT starting financials. It may be that you have no investment property or you already have investment properties. The important factor is that you ONLY include finances that are directly associated to you and not Super fund assets or finances. These need to be separately treated.
B5: d) The DEAL EVALUATION section
A6: 1 | B6: Gather all of your financials which you obtained from you Finance Strategy Review and enter them in the Start Financials page.
A7: 2 | B7: Select your chosen deal type (Manufactured Growth Flip, Manufactured Growth Revalue and Hold, Hold Only for Income or Sell an existing Property) and mark with an X in the first available deal in the Planning Flowcharts.
A8: 3 | B8: Choose the duration in month for that deal type and write it down in the same deal in the Planning Flowcharts
A9: 4 | B9: Now access the Deal Evaluation Sheet which you will be using to evaluate the next deal that you are intending to undertake. You will be using this sheet for EVERY deal that you will be examining. Using this sheet will provide you with results figures that you will be using for each successive deal.
A10: 5 | B10: Pay attention to 4 sets of numbers which are generated from your completed Deal Evaluation - DEAL PROFIT, DEAL GROSS RENT, DEAL PASSIVE INCOME , DEAL DEBT
A11: 6 | B11: Now enter these 4 sets of numbers into the same deal as used in steps 2 and 3
A12: 7 | B12: Repeat the steps 2, 3, 4, 5, 6 for each successive deal
A13: 8 | B13: Keep an eye on 2 figures which emerge from doing each deal - The new AWE and the new DTI. The new AWE will limit you for your next deal. Your new DTI will signify how much borrowing you will have available for your next deal. When the DTI figure reaches the maximum recommended figure then it will highlight in RED to signify that you will be limited in borrowing. The level of borrowing AND AWE are what you will be working with for your next deal. The question that you need to be asking yourself is "CAN I CNTINUE MY INVESTING JOURNEY USING THESE LEVELS OF AWE AND LEVEL OF BORROWING. If the answer is YES then continue. If the answer is NO then we must take an appropriate action to enable us to be able to continue our investing journey. What that action needs to be can be a)Ammend the EXIT strategy for the deal in play. b) You look to sell down an existing property to restore the balance of AWE and loan serviceability.
A14: 9
A15: 10
A16: 11
A17: 12
A18: 13
A19: 14
A20: 15
A21: 16
A22: 17
A23: 18
A24: 19
A25: 20
... A29: 24

Sheet Start Financials
B1: START FINANCIALS (STEP 1)
B4: a | C4: AWE | D4: 94000 | F4: a) | G4: Enter your starting(current) AWE figure from your finance strategy review done with WIZDOM here.
B5: b | C5: Rental Income | D5: 68000 | F5: b) | G5: Enter here any current annual rental Income(note pre tax)
B6: c | C6: Passive Income | D6: -13000 | F6: c) | G6: Add up all of your PASSIVE Income that you are currently receiving and enter the figure here. If its negative then include the minus sign(Income from Rental Properties that you are presently receiving)
B7: d | C7: Other Inc | D7: 160000 | F7: d) | G7: Enter any other income that you receive from wages shares, pensions, etc here ( note pre tax)
B8: e | C8: TOTAL INCOME | D8: =D7+D5 -> 228000 | F8: e) | G8: THIS SECTION AUTOMATICALLY TOTALS UP ALL OF YOUR GROSS INCOME(Excludes Passive Income)
B9: f | C9: Loan Debt | D9: 910000 | F9: f) | G9: Add up all of your loans such as mortgages, lines of credit, redraws, credit card limits, car loans etc and enter the figure here.
B10: g | C10: Calculated DTI | D10: =D9/D8 -> 3.9912281 | F10: g) | G10: THIS SECTION WORKS OUT YOUR CURRENT DEBT TO INCOME RATIO
B11: h | C11: Max DTI | D11: 6 | F11: h) | G11: Enter the recommended DTI figure used for maximum
B12: j | C12: Start Max Borrowing Based on Calculated DTI | D12: =(D11-D10)*D8 -> 458000 | F12: j) | G12: THIS SECTION AUTOMATICALLY WORKS OUT YOUR BORROWING CAPACITY ON STARTING
B15: Enter your Finance Strategy Figures in the Yellow Boxes

Sheet Deal Evaluation
A1: Evaluate Your Deal V170122
A2: © 2022 Michael & Sara Franks
B5: EQUITY | H5: INCOME
B7: STARTING AVAILABLE WORKING EQUITY | D7: 185000 | H7: VALUE AFTER STRATEGY | J7: =D43 -> 702000
B9: BUY PRICE or PROPERTY VALUE (OWNER JV) | D9: 500000 | H9: WEEKLY RENT | J9: 670
B11: DEPOSIT (CASH) | D11: 0 | H11: VACANCY % | J11: 0
B13: DEPOSIT BORROWED(LOC) | D13: 0 | H13: EXPENSES AS A % OF ANNUAL RENT | J13: =IF(J17=0,0,(J21/J17)) -> 0.23536165
B15: BANK LOAN | D15: 0 | H15: TOTAL BORROWINGS | J15: =(D13+D15+D21+D29) -> 45000
B17: LOAN INTEREST RATE | D17: 0.039 | H17: DEAL GR RENT | J17: =(J9*52)*(1-J11) -> 34840
B19: STAMP DUTY & LEGALS (CASH) | D19: 0 | H19: ANNUAL GROSS RENTAL YIELD | J19: =IF(J7=0,0,J17/J7) -> 0.04962963
B21: STAMP DUTY & LEGALS BORROWED(LOC) | D21: 0 | H21: EXPENSES IN DOLLARS PER YEAR | J21: 8200
B23: STRATEGY DURATION (WEEKS) | D23: 12 | H23: ANNUAL NET RENTAL INCOME | J23: =J17-J21 -> 26640
B25: HOLDING COST(Use when not leasing) | D25: =((D13+D15+D21+D29)*D17)*(D23/52) -> 405 | H25: ANNUAL NET RENTAL YIELD | J25: =IF(J7=0,0,J23/J7) -> 0.037948718
B27: STRATEGY COST(CASH) | D27: 0 | H27: LOAN INTEREST RATE | J27: =D17 -> 0.039
B29: STRATEGY COST BORROWED(LOC) | D29: 45000 | H29: ANNUAL INTEREST PAYABLE | J29: =J15*J27 -> 1755
B31: EQUITY USED | D31: =D11+D13+D19+D21+D25+D29 -> 45405
B33: REMAINING AVAIL WORKING EQUITY | D33: =D7-D31 -> 139595
B35: COST BASE | D35: =D9+D19+D21+D27+D29+D25 -> 545405
B37: EQUITY GROWTH | D37: =D43-D35 -> 156595
B41: SELL | H41: KEEP
B43: GROSS SELLING VALUE | D43: 702000 | H43: DEAL PASSIVE | J43: =J23-J29 -> 24885
B45: SELLING AGENT FEES % | D45: 0.025
B47: SELLING COST | D47: =D43*D45 -> 17550
B49: LEGAL FEES COST | D49: 1700
H50: AVAILABLE FOR REDRAW | J50: =(D43*0.8)-D15 -> 561600
B51: NET SALES COST BASE | D51: =D43-D47-D49 -> 682750
B55: DEAL PROFIT (NON JV) | D55: =D51-D35 -> 137345
B59: TAX PAYABLE @ 30% | D59: =D55*0.3 -> 41203.5
B61: NET PROFIT | D61: =D55-D59 -> 96141.5
H62: DEAL DEBT | J62: =D15+D21+D29+J50 -> 606600
B63: TOTAL RETURNED (Equity Used + Profit) | D63: =D61+D31 -> 141546.5
B67: YEARS OWNED | D67: 1
B71: OWNER JOINT VENTURE % SPLIT | D71: 0.5
B73: DEAL PROFIT ( PER JV PARTNER) | D73: =D55*D71 -> 68672.5
B77: REVISED AWE FOR NEXT DEAL | D77: =D7+D61 -> 281141.5
B79: RETURN ON EQUITY OVER OWNERSHIP | D79: =IF(D31=0,0,(D63/D31)) -> 3.117421
A82: Note that this is a simple calculator and GST calculations are NOT included . ##ALWAYS check your loan serviceability with a qualified professional | G82: COMPLETE THE YELLOW BOXES
B85: Transfer the deal figues marked with the Red Arrows to your planning Flowchart. Use this Sheet to evaluate every one of your deals

Sheet Planning Flowchart 1 
A1: PLANNING FLOWCHART 1
C3: Deal 1 | F3: Deal 2 | I3: Deal 3 | L3: Deal 4
C4: Man Gr Flip | D4: x | F4: Man Gr Flip | I4: Man Gr Flip | L4: Man Gr Flip
C5: Man Gr Reval | F5: Man Gr Reval | I5: Man Gr Reval | L5: Man Gr Reval
C6: Income Hold | F6: Income Hold | I6: Income Hold | L6: Income Hold
C7: Sell Existing | F7: Sell Existing | I7: Sell Existing | L7: Sell Existing
C8: Time Months | D8: 3 | F8: Time Months | I8: Time Months | L8: Time Months
C10: B/F AWE | D10: ='Start Financials'!D4 -> 94000 | F10: B/F AWE | G10: =D22 -> 162673 | I10: B/F AWE | J10: =G22 -> 162673 | L10: B/F AWE | M10: =J22 -> 162673
C11: B/F RENTAL INC | D11: ='Start Financials'!D5 -> 68000 | F11: B/F RENTAL INC | G11: =D23 -> 68000 | I11: B/F RENTAL INC | J11: =G23 -> 68000 | L11: B/F RENTAL INC | M11: =J23 -> 68000
C12: B/F Passive Inc | D12: ='Start Financials'!D6 -> -13000 | F12: B/F Passive Inc | G12: =D24 -> -13000 | I12: B/F Passive Inc | J12: =G24 -> -13000 | L12: B/F Passive Inc | M12: =J24 -> -13000
C13: B/F TOT INCOME | D13: ='Start Financials'!D8 -> 228000 | F13: B/F INCOME | G13: =D25 -> 228000 | I13: B/F INCOME | J13: =G25 -> 228000 | L13: B/F INCOME | M13: =J25 -> 228000
C14: B/F DEBT | D14: ='Start Financials'!D9 -> 910000 | F14: B/F DEBT | G14: =D26 -> 910000 | I14: B/F DEBT | J14: =G26 -> 910000 | L14: B/F DEBT | M14: =J26 -> 910000
C16: Deal Passive | D16: 0 | F16: Deal Passive | G16: 0 | I16: Deal Passive | J16: 0 | L16: Deal Passive | M16: 0
C17: Deal PROFIT | D17: 68673 | F17: Deal PROFIT | G17: 0 | I17: Deal PROFIT | J17: 0 | L17: Deal PROFIT | M17: 0
C18: Deal Loan DEBT | D18: 0 | F18: Deal Loan DEBT | G18: 0 | I18: Deal Loan DEBT | J18: 0 | L18: Deal Loan DEBT | M18: 0
C19: Deal Draw Down | D19: 0 | F19: Deal Draw Down | G19: 0 | I19: Deal Draw Down | J19: 0 | L19: Deal Draw Down | M19: 0
C20: Deal Gr Rent | D20: 0 | F20: Deal Gr Rent | G20: 0 | I20: Deal Gr Rent | J20: 0 | L20: Deal Gr Rent | M20: 0
C22: NEW AWE | D22: =+D10+D17 -> 162673 | F22: NEW AWE | G22: =G10+G17 -> 162673 | I22: NEW AWE | J22: =J10+J17 -> 162673 | L22: NEW AWE | M22: =M10+M17 -> 162673
C23: NEW RENTAL INC | D23: =D11+D20 -> 68000 | F23: NEW RENTAL INC | G23: =G11+G20 -> 68000 | I23: NEW RENTAL INC | J23: =J11+J20 -> 68000 | L23: NEW RENTAL INC | M23: =M11+M20 -> 68000
C24: NEW PASSIVE INC | D24: =D12+D16 -> -13000 | F24: NEW PASSIVE INC | G24: =G12+G16 -> -13000 | I24: NEW PASSIVE INC | J24: =J12+J16 -> -13000 | L24: NEW PASSIVE INC | M24: =M12+M16 -> -13000
C25: NEW TOT INC | D25: =D13+D20 -> 228000 | F25: NEW TOT INC | G25: =G13+G20 -> 228000 | I25: NEW TOT INC | J25: =J13+J20 -> 228000 | L25: NEW TOT INC | M25: =M13+M20 -> 228000
C26: NEW TOTAL DEBT | D26: =D14+D18 -> 910000 | F26: NEW TOTAL DEBT | G26: =G14+G18+G19 -> 910000 | I26: NEW TOTAL DEBT | J26: =J14+J18 -> 910000 | L26: NEW TOTAL DEBT | M26: =M14+M18 -> 910000
C27: NEW DTI | D27: =D26/D25 -> 3.9912281 | F27: NEW DTI | G27: =G26/G25 -> 3.9912281 | I27: NEW DTI | J27: =J26/J25 -> 3.9912281 | L27: NEW DTI | M27: =M26/M25 -> 3.9912281
C28: NEW LOAN CAP | D28: =('Start Financials'!$D$11-'Planning Flowchart 1 '!D27)*'Planning Flowchart 1 '!D25 -> 458000 | F28: NEW LOAN CAP | G28: =('Start Financials'!D11-'Planning Flowchart 1 '!G27)*G25 -> 458000 | I28: NEW LOAN CAP | J28: =('Start Financials'!D11-'Planning Flowchart 1 '!J27)*'Planning Flowchart 1 '!J25 -> 458000 | L28: NEW LOAN CAP | M28: =('Start Financials'!$D$11-'Planning Flowchart 1 '!M27)*'Planning Flowchart 1 '!M25 -> 458000 | R28: `
B31: Complete all YELLOW boxes

Sheet Planning Flowchart 2
A1: PLANNING FLOWCHART 2
C3: Deal 1 | F3: Deal 2 | I3: Deal 3 | L3: Deal 4
C4: Man Gr Flip | F4: Man Gr Flip | I4: Man Gr Flip | L4: Man Gr Flip
C5: Man Gr Reval | F5: Man Gr Reval | I5: Man Gr Reval | L5: Man Gr Reval
C6: Income Hold | F6: Income Hold | I6: Income Hold | L6: Income Hold
C7: Sell Existing | F7: Sell Existing | I7: Sell Existing | L7: Sell Existing
C8: Time Months | F8: Time Months | I8: Time Months | L8: Time Months
C10: B/F AWE | D10: ='Start Financials'!D4 -> 94000 | F10: B/F AWE | G10: =D22 -> 94000 | I10: B/F AWE | J10: =G22 -> 94000 | L10: B/F AWE | M10: =J22 -> 94000
C11: B/F RENTAL INC | D11: ='Start Financials'!D5 -> 68000 | F11: B/F RENTAL INC | G11: =D23 -> 68000 | I11: B/F RENTAL INC | J11: =G23 -> 68000 | L11: B/F RENTAL INC | M11: =J23 -> 68000
C12: B/F Passive Inc | D12: ='Start Financials'!D6 -> -13000 | F12: B/F Passive Inc | G12: =D24 -> -13000 | I12: B/F Passive Inc | J12: =G24 -> -13000 | L12: B/F Passive Inc | M12: =J24 -> -13000
C13: B/F TOT INCOME | D13: ='Start Financials'!D8 -> 228000 | F13: B/F INCOME | G13: =D25 -> 228000 | I13: B/F INCOME | J13: =G25 -> 228000 | L13: B/F INCOME | M13: =J25 -> 228000
C14: B/F DEBT | D14: ='Start Financials'!D9 -> 910000 | F14: B/F DEBT | G14: =D26 -> 910000 | I14: B/F DEBT | J14: =G26 -> 910000 | L14: B/F DEBT | M14: =J26 -> 910000
C16: Deal Passive | D16: 0 | F16: Deal Passive | G16: 0 | I16: Deal Passive | J16: 0 | L16: Deal Passive | M16: 0
C17: Deal PROFIT | D17: 0 | F17: Deal PROFIT | G17: 0 | I17: Deal PROFIT | J17: 0 | L17: Deal PROFIT | M17: 0
C18: Deal Loan DEBT | D18: 0 | F18: Deal Loan DEBT | G18: 0 | I18: Deal Loan DEBT | J18: 0 | L18: Deal Loan DEBT | M18: 0
C19: Deal Draw Down | D19: 0 | F19: Deal Draw Down | G19: 0 | I19: Deal Draw Down | J19: 0 | L19: Deal Draw Down | M19: 0
C20: Deal Gr Rent | D20: 0 | F20: Deal Gr Rent | G20: 0 | I20: Deal Gr Rent | J20: 0 | L20: Deal Gr Rent | M20: 0
C22: NEW AWE | D22: =+D10+D17 -> 94000 | F22: NEW AWE | G22: =G10+G17 -> 94000 | I22: NEW AWE | J22: =J10+J17 -> 94000 | L22: NEW AWE | M22: =M10+M17 -> 94000
C23: NEW RENTAL INC | D23: =D11+D20 -> 68000 | F23: NEW RENTAL INC | G23: =G11+G20 -> 68000 | I23: NEW RENTAL INC | J23: =J11+J20 -> 68000 | L23: NEW RENTAL INC | M23: =M11+M20 -> 68000
C24: NEW PASSIVE INC | D24: =D12+D16 -> -13000 | F24: NEW PASSIVE INC | G24: =G12+G16 -> -13000 | I24: NEW PASSIVE INC | J24: =J12+J16 -> -13000 | L24: NEW PASSIVE INC | M24: =M12+M16 -> -13000
C25: NEW TOT INC | D25: =D13+D20 -> 228000 | F25: NEW TOT INC | G25: =G13+G20 -> 228000 | I25: NEW TOT INC | J25: =J13+J20 -> 228000 | L25: NEW TOT INC | M25: =M13+M20 -> 228000
C26: NEW TOTAL DEBT | D26: =D14+D18 -> 910000 | F26: NEW TOTAL DEBT | G26: =G14+G18+G19 -> 910000 | I26: NEW TOTAL DEBT | J26: =J14+J18 -> 910000 | L26: NEW TOTAL DEBT | M26: =M14+M18 -> 910000
C27: NEW DTI | D27: =D26/D25 -> 3.9912281 | F27: NEW DTI | G27: =G26/G25 -> 3.9912281 | I27: NEW DTI | J27: =J26/J25 -> 3.9912281 | L27: NEW DTI | M27: =M26/M25 -> 3.9912281
C28: NEW LOAN CAP | D28: =('Start Financials'!$D$11-'Planning Flowchart 2'!D27)*'Planning Flowchart 2'!D25 -> 458000 | F28: NEW LOAN CAP | G28: =('Start Financials'!D11-'Planning Flowchart 2'!G27)*G25 -> 458000 | I28: NEW LOAN CAP | J28: =('Start Financials'!D11-'Planning Flowchart 2'!J27)*'Planning Flowchart 2'!J25 -> 458000 | L28: NEW LOAN CAP | M28: =('Start Financials'!$D$11-'Planning Flowchart 2'!M27)*'Planning Flowchart 2'!M25 -> 458000 | R28: `
B31: Complete all YELLOW boxes

Sheet Planning Flowchart 3
A1: PLANNING FLOWCHART 3
C3: Deal 1 | F3: Deal 2 | I3: Deal 3 | L3: Deal 4
C4: Man Gr Flip | F4: Man Gr Flip | I4: Man Gr Flip | L4: Man Gr Flip
C5: Man Gr Reval | F5: Man Gr Reval | I5: Man Gr Reval | L5: Man Gr Reval
C6: Income Hold | F6: Income Hold | I6: Income Hold | L6: Income Hold
C7: Sell Existing | F7: Sell Existing | I7: Sell Existing | L7: Sell Existing
C8: Time Months | F8: Time Months | I8: Time Months | L8: Time Months
C10: B/F AWE | D10: ='Start Financials'!D4 -> 94000 | F10: B/F AWE | G10: =D22 -> 94000 | I10: B/F AWE | J10: =G22 -> 94000 | L10: B/F AWE | M10: =J22 -> 94000
C11: B/F RENTAL INC | D11: ='Start Financials'!D5 -> 68000 | F11: B/F RENTAL INC | G11: =D23 -> 68000 | I11: B/F RENTAL INC | J11: =G23 -> 68000 | L11: B/F RENTAL INC | M11: =J23 -> 68000
C12: B/F Passive Inc | D12: ='Start Financials'!D6 -> -13000 | F12: B/F Passive Inc | G12: =D24 -> -13000 | I12: B/F Passive Inc | J12: =G24 -> -13000 | L12: B/F Passive Inc | M12: =J24 -> -13000
C13: B/F TOT INCOME | D13: ='Start Financials'!D8 -> 228000 | F13: B/F INCOME | G13: =D25 -> 228000 | I13: B/F INCOME | J13: =G25 -> 228000 | L13: B/F INCOME | M13: =J25 -> 228000
C14: B/F DEBT | D14: ='Start Financials'!D9 -> 910000 | F14: B/F DEBT | G14: =D26 -> 910000 | I14: B/F DEBT | J14: =G26 -> 910000 | L14: B/F DEBT | M14: =J26 -> 910000
C16: Deal Passive | D16: 0 | F16: Deal Passive | G16: 0 | I16: Deal Passive | J16: 0 | L16: Deal Passive | M16: 0
C17: Deal PROFIT | D17: 0 | F17: Deal PROFIT | G17: 0 | I17: Deal PROFIT | J17: 0 | L17: Deal PROFIT | M17: 0
C18: Deal Loan DEBT | D18: 0 | F18: Deal Loan DEBT | G18: 0 | I18: Deal Loan DEBT | J18: 0 | L18: Deal Loan DEBT | M18: 0
C19: Deal Draw Down | D19: 0 | F19: Deal Draw Down | G19: 0 | I19: Deal Draw Down | J19: 0 | L19: Deal Draw Down | M19: 0
C20: Deal Gr Rent | D20: 0 | F20: Deal Gr Rent | G20: 0 | I20: Deal Gr Rent | J20: 0 | L20: Deal Gr Rent | M20: 0
C22: NEW AWE | D22: =+D10+D17 -> 94000 | F22: NEW AWE | G22: =G10+G17 -> 94000 | I22: NEW AWE | J22: =J10+J17 -> 94000 | L22: NEW AWE | M22: =M10+M17 -> 94000
C23: NEW RENTAL INC | D23: =D11+D20 -> 68000 | F23: NEW RENTAL INC | G23: =G11+G20 -> 68000 | I23: NEW RENTAL INC | J23: =J11+J20 -> 68000 | L23: NEW RENTAL INC | M23: =M11+M20 -> 68000
C24: NEW PASSIVE INC | D24: =D12+D16 -> -13000 | F24: NEW PASSIVE INC | G24: =G12+G16 -> -13000 | I24: NEW PASSIVE INC | J24: =J12+J16 -> -13000 | L24: NEW PASSIVE INC | M24: =M12+M16 -> -13000
C25: NEW TOT INC | D25: =D13+D20 -> 228000 | F25: NEW TOT INC | G25: =G13+G20 -> 228000 | I25: NEW TOT INC | J25: =J13+J20 -> 228000 | L25: NEW TOT INC | M25: =M13+M20 -> 228000
C26: NEW TOTAL DEBT | D26: =D14+D18 -> 910000 | F26: NEW TOTAL DEBT | G26: =G14+G18+G19 -> 910000 | I26: NEW TOTAL DEBT | J26: =J14+J18 -> 910000 | L26: NEW TOTAL DEBT | M26: =M14+M18 -> 910000
C27: NEW DTI | D27: =D26/D25 -> 3.9912281 | F27: NEW DTI | G27: =G26/G25 -> 3.9912281 | I27: NEW DTI | J27: =J26/J25 -> 3.9912281 | L27: NEW DTI | M27: =M26/M25 -> 3.9912281
C28: NEW LOAN CAP | D28: =('Start Financials'!$D$11-'Planning Flowchart 3'!D27)*'Planning Flowchart 3'!D25 -> 458000 | F28: NEW LOAN CAP | G28: =('Start Financials'!D11-'Planning Flowchart 3'!G27)*G25 -> 458000 | I28: NEW LOAN CAP | J28: =('Start Financials'!D11-'Planning Flowchart 3'!J27)*'Planning Flowchart 3'!J25 -> 458000 | L28: NEW LOAN CAP | M28: =('Start Financials'!$D$11-'Planning Flowchart 3'!M27)*'Planning Flowchart 3'!M25 -> 458000 | R28: `
B31: Complete all YELLOW boxes
